[Event "FIDE WCCC Open-12 2024"]
[Site "Montesilvano"]
[Date "2024.11.26"]
[Round "11.14"]
[White "Ritzerveld, Noah"]
[Black "Nguyen, Anh Khoi"]
[Result "0-1"]
[ECO "C11"]
[WhiteElo "2285"]
[BlackElo "2520"]
[Annotator "TA"]
[PlyCount "86"]
[EventDate "2024.11.18"]
[EventType "swiss"]
[EventCountry "ITA"]
[SourceTitle "playchess.com"]
[Source "ChessBase"]
[SourceQuality "1"]
[TimeControl "5400+30"]

1. e4 e6 2. d4 d5 3. Nc3 Nf6 4. e5 Nfd7 5. f4 c5 6. Nf3 Nc6 7. Be3 cxd4 8. Nxd4 Qb6 9. Qd2 Qxb2 10. Rb1 Qa3 11. Bb5 Nxd4 12. Bxd4 a6 13. Bxd7+ Bxd7 {[%emt 0:00:09] White is slightly better.} 14. Rb3 Qe7 (14... Qa5 $2 15. Bb6 $18 (15. Rxb7 Bb4 $17) (15. Rxb7 Bb4 $17)) 15. Rxb7 Qd8 16. O-O Qc8 17. Rfb1 Bc5 18. Bxc5 (18. f5 $1 $14) 18... Qxc5+ $11 19. Kh1 {[%emt 0:00:22][%cal Oc3e4] Black must now prevent Ne4!} Bc8 20. R7b3 {[%emt 0:13:28] Hoping for Na4.} O-O 21. Ne2 Bd7 22. Nd4 Rfc8 23. h3 h6 24. Rg3 {[%emt 0:09:15][%cal Of4f5] f5! would now be deadly.} Kh8 25. Rb7 Rc7 26. Rxc7 Qxc7 27. Rc3 Qd8 28. Rb3 Rb8 29. Kh2 Qc7 30. Rxb8+ Qxb8 {[%emt 0:00:01][%mdl 4096] Endgame. KQB-KQN} 31. Qa5 Bb5 32. a4 Bc4 33. Nc6 Qc8 34. Qc5 Kh7 35. Qd6 Be2 36. c3 Bd1 37. a5 Ba4 38. Ne7 Qc4 ({Inferior is} 38... Qxc3 39. Qb8 (39. Qxa6 Qd4 $11) (39. Qxa6 Qb4 $11)) 39. Qb4 $2 {[%emt 0:12:25][%mdl 8192] [#]} (39. Qb8 $11 Qxf4+ 40. Kg1 Qe3+ 41. Kh1 Qe1+ (41... Qxc3 42. Qg8#) (41... Qc1+ 42. Kh2 $11) 42. Kh2) 39... Qxb4 $1 40. cxb4 {[%emt 0:00:10] [#]} d4 $1 {[%emt 0:00:13] ( -> ...d3)} 41. b5 Bxb5 {[%emt 0:02:20] Black mates.} 42. Kg3 d3 43. Kf2 d2 {[%emt 0:00:05] Weighted Error Value: White=0.37/Black=0.03 (flawless) .  Loses game:     	White=1     	---        Mistake:       	White=1     	---        Inaccurate:     	White=1     	---        OK:         	White=14    	Black=9      Best:        	White=2     	Black=1      Strong:       	---       	Black=1} 0-1

[Event "FIDE WCCC Open-12 2024"]
[Site "Montesilvano"]
[Date "2024.11.26"]
[Round "11.28"]
[White "Bocquenet-Drouode, Hugo"]
[Black "Mai, Duc Kien"]
[Result "1/2-1/2"]
[ECO "D00"]
[WhiteElo "2002"]
[BlackElo "1771"]
[Annotator "RC"]
[PlyCount "141"]
[EventDate "2024.11.18"]
[EventType "swiss"]
[EventCountry "ITA"]
[SourceTitle "playchess.com"]
[Source "ChessBase"]
[SourceQuality "1"]
[TimeControl "5400+30"]

1. d4 Nf6 2. Nc3 d5 3. Bf4 e6 4. Nb5 Na6 5. e3 c6 6. Nc3 Bd6 7. Bxd6 Qxd6 8. Bxa6 bxa6 9. Na4 e5 10. dxe5 Qxe5 11. Nf3 Qd6 12. Qd4 O-O 13. O-O Bg4 14. Ne5 Bf5 15. Rac1 Rfe8 16. Nd3 Nd7 17. Nac5 Rac8 18. Nxd7 Bxd7 19. b4 a5 20. a3 axb4 21. axb4 Rc7 22. Nc5 Qe5 23. Rfd1 Qxd4 24. Rxd4 Be6 25. Ra1 Kf8 26. Ra5 Ke7 27. Rd1 h6 28. Rda1 Ra8 29. c3 Kd6 30. Nb3 Bd7 31. Rc5 g6 32. Nd4 Rb8 33. Kf1 Rbb7 34. Nb3 Rb5 35. h3 Rxc5 36. Nxc5 h5 37. Ke2 Bf5 38. Ra5 Re7 39. Nb3 Rc7 40. Nd4 Bd7 41. Ra6 Ke7 42. Nb3 c5 43. Ra5 cxb4 44. cxb4 Kd6 45. Nd4 Rb7 46. Ra6+ Ke7 47. Kf3 Rxb4 48. Rxa7 Kd6 49. Ra6+ Ke7 50. g4 hxg4+ 51. hxg4 g5 52. Rh6 Rb1 53. Rh5 Kf6 54. Rh6+ Ke7 55. Ne2 Rb4 56. Nd4 Rb1 57. Nc6+ Bxc6 58. Rxc6 Rb3 59. Ra6 d4 60. Ra5 dxe3 61. fxe3 Kf6 62. Rf5+ Kg6 63. Rd5 Rb4 64. Rd4 Rxd4 65. exd4 f5 66. gxf5+ Kxf5 67. Ke3 g4 68. d5 Ke5 69. d6 Kxd6 70. Kf4 Ke6 71. Kxg4 1/2-1/2

[Event "FIDE WCCC Open-12 2024"]
[Site "Montesilvano"]
[Date "2024.11.26"]
[Round "11.58"]
[White "Isakov, Amin"]
[Black "Mamarasulov, Husan"]
[Result "1-0"]
[ECO "D34"]
[WhiteElo "1698"]
[BlackElo "1407"]
[Annotator "NA RC"]
[PlyCount "63"]
[EventDate "2024.11.18"]
[EventType "swiss"]
[EventCountry "ITA"]
[SourceTitle "playchess.com"]
[Source "ChessBase"]
[SourceQuality "1"]
[TimeControl "5400+30"]

1. c4 c5 2. Nc3 Nc6 3. g3 Nf6 4. Bg2 e6 5. Nf3 Be7 6. O-O O-O 7. d4 d5 8. cxd5 exd5 9. Na4 c4 10. Nc3 a6 11. Ne5 Qc7 12. Nxc6 bxc6 13. Qc2 Bb7 14. e4 c5 15. e5 Nd7 16. Nxd5 Bxd5 17. Bxd5 Rab8 18. e6 Nb6 19. exf7+ Kh8 20. Bf4 Bd6 21. dxc5 Qxc5 22. Bxd6 Qxd6 23. Be4 Qh6 24. Rad1 Rxf7 25. Rd4 Rff8 26. Bxh7 g5 27. Be4 Qh3 28. Rd6 Rfd8 29. Qc3+ Kg8 30. Rg6+ Kf8 31. Qf6+ Ke8 32. Bc6+ 1-0

[Event "FIDE WCCC Open-12 2024"]
[Site "Montesilvano"]
[Date "2024.11.26"]
[Round "11.64"]
[White "Sharafutdinov, Timur"]
[Black "Son, Juwon"]
[Result "1-0"]
[ECO "B50"]
[WhiteElo "1925"]
[BlackElo "1448"]
[Annotator "NA RC"]
[PlyCount "99"]
[EventDate "2024.11.18"]
[EventType "swiss"]
[EventCountry "ITA"]
[SourceTitle "playchess.com"]
[Source "ChessBase"]
[SourceQuality "1"]
[TimeControl "5400+30"]

1. e4 c5 2. Nf3 d6 3. Nc3 Nf6 4. Bc4 Nc6 5. d3 g6 6. Bf4 Bg7 7. Qd2 O-O 8. h3 Qb6 9. Rb1 h5 10. Nh4 Nh7 11. Nxg6 Re8 12. Bh6 Bxc3 13. Qxc3 Qb4 14. Nf4 Qxc3+ 15. bxc3 Ne5 16. Bb5 Rd8 17. Nxh5 a6 18. Ba4 b5 19. Bb3 Bd7 20. a3 Bc6 21. f4 Ng6 22. Rf1 c4 23. Ba2 d5 24. f5 Ne5 25. d4 Nd7 26. e5 Nb6 27. Rf3 Nf8 28. f6 e6 29. Rg3+ Kh7 30. Bf4 Ng6 31. Bd2 Rg8 32. Ng7 Rh8 33. Kf2 Kg8 34. Rh1 Kf8 35. Rg4 Rh7 36. h4 a5 37. g3 a4 38. Rg5 Nd7 39. h5 Nh8 40. Rh4 Bb7 41. Rhg4 Bc6 42. h6 Ng6 43. Nxe6+ Kg8 44. Nf4 Rxh6 45. Nxg6 Rxg6 46. Rxg6+ fxg6 47. Rxg6+ Kf7 48. Rg7+ Ke6 49. g4 Rh8 50. Re7# 1-0

[Event "FIDE WCCC Open-12 2024"]
[Site "Montesilvano"]
[Date "2024.11.26"]
[Round "11.66"]
[White "Wang, Luis"]
[Black "Stefanov, Stefan"]
[Result "0-1"]
[ECO "B17"]
[WhiteElo "1751"]
[BlackElo "1478"]
[Annotator "NA RC"]
[PlyCount "82"]
[EventDate "2024.11.18"]
[EventType "swiss"]
[EventCountry "ITA"]
[SourceTitle "playchess.com"]
[Source "ChessBase"]
[SourceQuality "1"]
[TimeControl "5400+30"]

1. e4 c6 2. d4 d5 3. Nc3 dxe4 4. Nxe4 Nd7 5. Bc4 Ngf6 6. Nxf6+ Nxf6 7. Nf3 Bf5 8. O-O e6 9. c3 c5 10. Bg5 Bg4 11. Bb5+ Ke7 12. h3 Bxf3 13. Qxf3 Qb6 14. Ba4 cxd4 15. Rad1 Rd8 16. cxd4 h6 17. Bf4 Nd5 18. Rfe1 Nxf4 19. Qxf4 Qd6 20. Qe4 Qd5 21. Qc2 Kf6 22. Re5 Qxa2 23. Rd3 Bd6 24. Rb5 Rd7 25. d5 Rc7 26. Qd1 Rhc8 27. Rc3 Rxc3 28. bxc3 Rxc3 29. dxe6 Qxa4 30. Qb1 Qxb5 31. Qxb5 Rc1+ 32. Qf1 Bh2+ 33. Kxh2 Rxf1 34. e7 Kxe7 35. Kg3 a5 36. f4 a4 37. Kh4 a3 38. g4 a2 39. Kh5 a1=Q 40. h4 Rxf4 41. g5 Qd1# 0-1

[Event "FIDE WCCC Open-12 2024"]
[Site "Montesilvano"]
[Date "2024.11.26"]
[Round "11.67"]
[White "Williams, Henry"]
[Black "Macia Tell, Dario"]
[Result "0-1"]
[ECO "A21"]
[WhiteElo "1695"]
[BlackElo "1520"]
[Annotator "NA RC"]
[PlyCount "108"]
[EventDate "2024.11.18"]
[EventType "swiss"]
[EventCountry "ITA"]
[SourceTitle "playchess.com"]
[Source "ChessBase"]
[SourceQuality "1"]
[TimeControl "5400+30"]

1. c4 e5 2. Nc3 f5 3. d3 Nf6 4. Bd2 Nc6 5. g3 Bc5 6. Bg2 O-O 7. a3 a5 8. Qc2 Nd4 9. Qd1 c6 10. e3 Ne6 11. Nge2 d5 12. cxd5 cxd5 13. Nc1 d4 14. exd4 Nxd4 15. N3e2 a4 16. Nc3 Qd7 17. O-O Ra6 18. N1e2 Nb3 19. Rb1 Qxd3 20. Bg5 Qxd1 21. Rbxd1 h6 22. Bxf6 Raxf6 23. Bd5+ Kh8 24. Nxa4 Nd4 25. Nxc5 Nxe2+ 26. Kh1 Nd4 27. f4 Nc6 28. b4 b6 29. Nb3 e4 30. Rc1 Ne7 31. Bc4 Be6 32. Nd4 Bxc4 33. Rxc4 Nd5 34. Rc6 Rxc6 35. Nxc6 Rc8 36. Nd4 g6 37. Kg2 Ne3+ 38. Kf2 Nxf1 39. Kxf1 Rc3 40. Nb5 Rc2 41. Nd4 Rxh2 42. Kg1 Rd2 43. Nb3 Rd3 44. Nc1 Rd1+ 45. Kf2 Rxc1 46. Ke3 Rc3+ 47. Kd4 Rxa3 48. Ke5 e3 49. Kd4 e2 50. Kd5 e1=Q 51. Kc6 Qe6+ 52. Kb5 Rc3 53. Ka4 Qc6+ 54. b5 Qc4# 0-1